 Dungeon Crawl Stone Soup version 0.19-a0-1268-g6c5d9f8 (webtiles) character file.

106237 Duffy the Fencer (level 15, -6/135 (141) HPs)
             Began as a Minotaur Gladiator on Aug 29, 2016.
             Was the Champion of Cheibriados.
             Engulfed by a cloud of foul pestilence (15 damage)
             ... on level 1 of the Depths.
             The game lasted 00:40:37 (24172 turns).

Duffy the Fencer (Minotaur Gladiator)              Turns: 24172, Time: 00:40:38

HP:   -6/135 (141)  AC: 14    Str: 37    XL:     15   Next: 97%
MP:   24/24         EV: 34    Int: 20    God:    Cheibriados [******]
Gold: 1712          SH:  0    Dex: 36    Spells: 4 memorised, 5 levels left

rFire  . . .     SeeInvis +     H - +3 great sword
rCold  + . .     Gourm    .     Z - +3 scale mail of the Three Spirits {*Drain rC+ rN+ MR+ Dex+6}
rNeg   + . .     Faith    +     (shield currently unavailable)
rPois  +         Spirit   .     I - +2 hat {SInv}
rElec  .         Dismiss  .     w - +0 cloak
rCorr  .         Reflect  .     t - +0 pair of gloves
MR     ++...     Harm     .     u - +0 pair of boots
Stlth  +.........               C - amulet of faith
                                J - ring of poison resistance
                                z - +4 ring of evasion

@: lethally poisoned (-6 -> -83), non-regenerating, diseased, slowed, very slow
A: retaliatory headbutt, horns 2
a: Bend Time, Temporal Distortion, Slouch, Step From Time, Renounce Religion


You were on level 1 of the Depths.
You worshipped Cheibriados.
Cheibriados was exalted by your worship.
You were not hungry.

You visited 5 branches of the dungeon, and saw 25 of its levels.
You also visited: Labyrinth.

You collected 2662 gold pieces.
You spent 950 gold pieces at shops.

Inventory:

Hand Weapons
 H - a +3 great sword (weapon)
Missiles
 d - 6 throwing nets (quivered)
 n - 22 javelins
Armour
 t - a +0 pair of gloves (worn)
 u - a +0 pair of boots (worn)
 w - a +0 cloak (worn)
 I - a +2 hat of see invisible (worn)
 Z - the +3 scale mail of the Three Spirits (worn) {*Drain rC+ rN+ MR+ Dex+6}
   (You bought it in a shop on level 15 of the Dungeon)

   It affects your dexterity (+6).
   It protects you from cold.
   It protects you from negative energy.
   It affects your resistance to hostile enchantments.
   It causes draining when unequipped.
Rods
 i - a +2 rod of clouds (14/14)
   (You took it off a minotaur in a labyrinth)
Jewellery
 a - an uncursed ring of fire
 z - a +4 ring of evasion (left hand)
 C - an amulet of faith (around neck)
 J - a ring of poison resistance (right hand)
Wands
 q - a wand of digging (9/24)
 y - a wand of confusion (36/48)
 F - a wand of paralysis (20/24)
 M - a wand of digging (6/24)
 S - a wand of confusion (10/48)
 U - a wand of iceblast (3/15)
 W - a wand of iceblast (12/15)
 X - a wand of paralysis (19/24)
Scrolls
 c - 4 scrolls of identify
 h - 7 scrolls of teleportation
 j - 2 scrolls of fear
 l - 9 scrolls of enchant weapon
 o - 3 scrolls of vulnerability
 p - a scroll of magic mapping
 r - 4 scrolls of fog
 s - 7 scrolls of remove curse
 A - 7 scrolls of recharging
 G - 3 scrolls of summoning
 K - 3 scrolls of blinking
 P - 3 scrolls of enchant armour
Potions
 b - 11 potions of curing
 e - 4 potions of agility
 k - 3 potions of brilliance
 m - 2 potions of resistance
 v - 2 potions of ambrosia
 x - 2 potions of invisibility
 D - 6 potions of flight
 E - 3 potions of beneficial mutation
 N - 4 potions of heal wounds
 O - 3 potions of magic
 T - 2 potions of cancellation
 V - 3 potions of might
Comestibles
 f - 9 bread rations
 g - 10 meat rations
 B - 3 beef jerkies
 Q - 51 fruits


   Skills:
 - Level 15.0 Fighting
 - Level 18.0 Long Blades
 - Level 2.0 Throwing
 - Level 15.5 Dodging
 + Level 13.8 Invocations
 - Level 4.5 Evocations


You had 5 spell levels left.
You knew the following spells:

 Your Spells              Type           Power        Failure   Level  Hunger
a - Apportation           Tloc           #.........   38%         1    ##.....
g - Passage of Golubria   Tloc           N/A          100%        4    #####..
m - Repel Missiles        Chrm/Air       #.....       58%         2    ###....
B - Blink                 Tloc           N/A          58%         2    ###....


Dungeon Overview and Level Annotations

Branches:
Dungeon (15/15)            Temple (1/1) D:4            Lair (6/6) D:8
 Shoals (0/4) Lair:2       Spider (0/4) Lair:4        Slime (0/5) Lair:6
    Orc (2/2) D:10            Elf (0/3) Orc:2        Vaults (0/5) D:14
 Depths (1/5) D:15

Altars:
Ashenzari
Cheibriados
Dithmenos
Elyvilon
Fedhas
Gozag
Hepliaklqana
Kikubaaqudgha
Makhleb
Nemelex Xobeh
Okawaru
Qazlal
Ru
Sif Muna
Trog
Uskayaw
Vehumet
Xom
Yredelemnul
Zin
The Shining One
Beogh
Jiyva

Shops:
D:13 %   D:15 *   Orc:2 }:*?

Portals:
Bazaar: D:11

Annotations:
D:10 Duffy's ghost, novice CeGl
Lair:2 exclusion: 3 doors


Innate Abilities, Weirdness & Mutations

You reflexively headbutt those who attack you in melee.
You have a pair of horns on your head.


Message History

You feel your flesh rotting away!
You feel as though you will be slow longer.
You feel sick.
You are engulfed in dark miasma.
You are more poisoned.
You feel your flesh rotting away!
You feel very sick.
You feel sick.
You are engulfed in dark miasma.
You feel sick.
You are engulfed in dark miasma.
You are more poisoned.
You feel very sick.
You are engulfed in dark miasma.
You feel as though you will be slow longer.
You feel very sick.
You are engulfed in dark miasma.
You feel your flesh rotting away!
You feel very sick.
You are engulfed in dark miasma.
You feel as though you will be slow longer.
You feel very sick.
You are engulfed in dark miasma.
You are more poisoned.
You feel your flesh rotting away!
You die...

#.~###~.#
#.#.~~~~~.#
#.#.~~~~~.#
#.#.......#
#.#.......+
#.#.......#
#.#.......#
###.#.......#
#00@0.......#
#.#0#.......+ #
#0#.......# .#
#.#.......##.#
#.#.[[....##.#
#.#.###'%#####.#
#.........# #.#
#...##..#.##
#.##### ##
.#....###......


There were no monsters in sight!

Vanquished Creatures
  Gastronok (Lair:2)
  Nessos (D:15)
  A dire elephant (Lair:6)
  A minotaur (Lab)
  Josephine (Orc:2)
  An ogre mage (D:15)
  2 ice dragons (Depths:1)
  8 vault guards (D:14)
  A merfolk avatar (Lair:6)
  11 hydras
  2 centaur warriors (D:15)
  5 death yaks (Lair:6)
  A death knight (D:15)
  2 tengu warriors
  A deep troll earth mage (Depths:1)
  The ghost of Nattefrost the Carver, a novice DrAr of the Shining One (D:8)
  Nergalle (Lair:2)
  A deep elf knight (D:15)
  5 deep trolls
  4 unseen horrors
  A wizard (D:15)
  2 orc knights (D:15)
  4 hill giants
  A harpy (Lair:6)
  A deep elf mage (D:13)
  4 cyclopes
  9 orc sorcerers
  2 ugly things
  A faun (shapeshifter) (D:15)
  7 slime creatures
  4 manticores
  8 griffons
  16 elephants
  3 black mambas
  5 gargoyles
  2 kobold demonologists
  6 rime drakes
  A yaktaur (shapeshifter) (Depths:1)
  4 torpor snails (Lair:6)
  13 spiny frogs
  A tengu conjurer (D:15)
  7 komodo dragons
  3 meliai (D:15)
  6 polar bears
  3 two-headed ogres
  7 trolls
  A centaur simulacrum (D:15)
  12 dream sheep
  14 blink frogs
  A water elemental (D:14)
  Sigmund (D:6)
  3 spriggans
  3 wraiths
  2 redbacks (Lair:4)
  6 wyverns
  A shadow (D:12)
  43 yaks
  11 hippogriffs
  2 hungry ghosts
  4 basilisks
  4 wargs (Orc:2)
  Duvessa (D:6)
  16 water moccasins
  5 porcupines
  7 sky beasts
  An eye of draining (D:10)
  5 ice beasts
  27 orc warriors
  2 wasps
  3 black bears
  5 phantoms
  3 necrophages (D:8)
  7 wolves
  11 ogres
  18 crocodiles
  6 centaurs
  3 big kobolds
  15 giant frogs
  A wyvern zombie (D:11)
  Dowan (D:6)
  A wyvern skeleton (D:11)
  6 killer bees
  3 scorpions
  7 wights
  4 electric eels
  4 howler monkeys
  5 crimson imps
  2 quasits
  3 centaur zombies
  5 centaur skeletons
  A gnoll shaman (D:4)
  7 hounds
  A giant frog skeleton (D:4)
  2 giant frog zombies
  5 jellies
  20 orc priests
  50 orc wizards
  14 iguanas
  14 worker ants
  2 killer bee zombies
  2 hound zombies
  3 hound skeletons
  A mummy (D:8)
  2 worker ant zombies (D:8)
  4 gnolls
  72 river rats
  12 adders
  A howler monkey skeleton (D:4)
  3 shadow imps
  4 oozes
  2 adder zombies
  2 adder skeletons (D:7)
  2 worms
  A dart slug (D:1)
  5 giant geckos
  92 orcs
  6 giant cockroaches
  5 goblins
  6 hobgoblins
  8 jackals
  26 kobolds
  2 quokkas (D:3)
  A ball python (D:2)
  20 bats
  A giant gecko zombie (D:8)
  2 giant newts
  13 rats
  3 fungi (Lair:6)
  A plant (D:8)
875 creatures vanquished.

Vanquished Creatures (others)
  11 fungi
  19 plants
30 creatures vanquished.

Grand Total: 905 creatures vanquished

Notes
Turn   | Place    | Note
-------+----------+-------------------------------------------
     0 | D:1      | Duffy the Minotaur Gladiator began the quest for the Orb.
     0 | D:1      | Reached XP level 1. HP: 18/18 MP: 0/0
   177 | D:1      | Reached XP level 2. HP: 23/25 MP: 1/1
   374 | D:1      | Reached skill level 4 in Long Blades
   419 | D:1      | Reached XP level 3. HP: 29/31 MP: 2/2
  1070 | D:2      | Reached XP level 4. HP: 21/38 MP: 3/3
  1558 | D:3      | You fall through a shaft!
  1570 | D:3      | Reached skill level 5 in Long Blades
  2011 | D:4      | Reached XP level 5. HP: 46/46 MP: 4/4
  2174 | D:4      | Noticed a phantom
  2183 | D:4      | Found a staircase to the Ecumenical Temple.
  2191 | Temple   | Entered the Ecumenical Temple
  2406 | Temple   | Became a worshipper of Cheibriados the Contemplative
  2861 | D:2      | Reached skill level 6 in Long Blades
  3115 | D:3      | Reached XP level 6. HP: 51/52 MP: 5/5
  3129 | D:3      | Found a stormy altar of Qazlal.
  3164 | D:3      | Reached * piety under Cheibriados
  3167 | D:3      | Found an iron altar of Okawaru.
  3219 | D:3      | Learned a level 2 spell: Blink
  3222 | D:3      | Learned a level 2 spell: Repel Missiles
  3371 | D:3      | Reached skill level 5 in Dodging
  3828 | D:4      | Reached skill level 7 in Long Blades
  4118 | D:4      | Reached XP level 7. HP: 54/60 MP: 6/6
  4127 | D:4      | Reached ** piety under Cheibriados
  4190 | D:4      | Reached skill level 5 in Fighting
  4479 | D:4      | Found a sparkling altar of Nemelex Xobeh.
  4800 | D:5      | Entered Level 5 of the Dungeon
  4803 | D:5      | Reached skill level 8 in Long Blades
  4960 | D:5      | Reached XP level 8. HP: 58/70 MP: 7/7
  5036 | D:5      | Found a shadowy altar of Dithmenos.
  5241 | D:5      | Reached skill level 9 in Long Blades
  5517 | D:6      | Found a stormy altar of Qazlal.
  5523 | D:6      | Noticed Sigmund
  5529 | D:6      | Killed Sigmund
  5607 | D:6      | Noticed Dowan
  5608 | D:6      | Noticed Duvessa
  5621 | D:6      | Killed Duvessa
  5621 | D:6      | Reached *** piety under Cheibriados
  5621 | D:6      | Reached skill level 10 in Long Blades
  5626 | D:6      | Killed Dowan
  5879 | D:6      | Found a basalt altar of Yredelemnul.
  5924 | D:6      | Reached XP level 9. HP: 79/79 MP: 8/8
  6013 | D:6      | Found a sacrificial altar of Ru.
  6081 | D:6      | Found a blossoming altar of Fedhas.
  6832 | D:7      | Reached skill level 1 in Invocations
  7088 | D:8      | Reached skill level 1 in Evocations
  7137 | D:8      | Reached **** piety under Cheibriados
  7228 | D:8      | Found a burning altar of Makhleb.
  7228 | D:8      | Found an ancient bone altar of Kikubaaqudgha.
  7246 | D:8      | Noticed Nattefrost's ghost (novice DrAr)
  7355 | D:8      | Found a staircase to the Lair.
  7424 | D:8      | Reached ***** piety under Cheibriados
  7437 | D:8      | Found a hazy altar of Hepliaklqana.
  7560 | D:9      | Noticed a troll
  7568 | D:9      | Killed a troll
  7568 | D:9      | Reached skill level 5 in Invocations
  7568 | D:9      | Reached XP level 10. HP: 39/88 MP: 12/12
  8070 | D:10     | Entered Level 10 of the Dungeon
  8099 | D:10     | Noticed a red ugly thing
  8099 | D:10     | Noticed Duffy's ghost (novice CeGl)
  8100 | D:10     | Noticed a centaur warrior
  8100 | D:10     | Noticed a hill giant
  8101 | D:10     | Noticed an ogre mage
  8101 | D:10     | Noticed a tengu warrior
  8101 | D:10     | Noticed a four-headed hydra
  8117 | D:10     | Noticed a guardian serpent
  8348 | D:10     | Found a staircase to the Orcish Mines.
  8682 | D:10     | Reached skill level 11 in Long Blades
  9031 | D:10     | Noticed a shining eye
  9172 | D:10     | Reached XP level 11. HP: 99/99 MP: 16/16
  9346 | D:11     | Noticed a five-headed hydra
  9384 | D:11     | Reached ****** piety under Cheibriados
  9409 | D:11     | Noticed a brown ugly thing
  9416 | D:11     | Killed a brown ugly thing
  9495 | D:11     | Reached skill level 10 in Fighting
  9518 | D:11     | Noticed a hill giant
  9524 | D:11     | Killed a hill giant
  9540 | D:11     | Noticed a hill giant
  9544 | D:11     | Killed a hill giant
  9580 | D:11     | Found a labyrinth entrance.
  9597 | Lab      | Entered a labyrinth
  9868 | Lab      | Reached skill level 12 in Long Blades
 10362 | Lab      | Noticed a minotaur
 10373 | Lab      | Killed a minotaur
 10389 | Lab      | Identified the Grimoire of the Torrid Glacier
 10413 | Lab      | Identified a +2 rod of clouds (14/14) (You took it off a minotaur in a labyrinth)
 10481 | D:11     | Found a gateway to a bazaar.
 10918 | D:12     | Noticed a five-headed hydra
 10925 | D:12     | Killed a six-headed hydra
 11097 | D:12     | Found a hide-covered altar of Uskayaw.
 11338 | D:12     | Reached XP level 12. HP: 111/111 MP: 18/18
 11341 | D:12     | Learned a level 1 spell: Apportation
 11346 | D:12     | Learned a level 4 spell: Passage of Golubria
 11388 | D:12     | Reached skill level 13 in Long Blades
 11631 | D:12     | Reached skill level 10 in Invocations
 11650 | D:12     | Found a glowing golden altar of the Shining One.
 11685 | D:12     | Noticed a tengu warrior
 11694 | D:12     | Killed a tengu warrior
 12017 | D:8      | Found a white marble altar of Elyvilon.
 12361 | D:8      | Found a shimmering altar of Xom.
 12567 | Lair:1   | Entered Level 1 of the Lair of Beasts
 13268 | Lair:2   | Reached skill level 10 in Dodging
 13479 | Lair:2   | Noticed Nergalle
 13486 | Lair:2   | Killed Nergalle
 13563 | Lair:2   | Reached skill level 14 in Long Blades
 13577 | Lair:2   | Found a staircase to the Shoals.
 13604 | Lair:2   | Noticed Gastronok
 13612 | Lair:2   | Killed Gastronok
 14318 | Lair:3   | Reached XP level 13. HP: 110/122 MP: 19/19
 15423 | Lair:4   | Found a hole to the Spider Nest.
 15656 | Lair:4   | Reached skill level 15 in Long Blades
 16203 | Lair:5   | Reached skill level 16 in Long Blades
 16880 | Lair:6   | Entered Level 6 of the Lair of Beasts
 16961 | Lair:6   | Reached XP level 14. HP: 129/132 MP: 20/20
 17020 | Lair:6   | Found a viscous altar of Jiyva.
 17021 | Lair:6   | Found a staircase to the Slime Pits.
 17304 | Lair:6   | Reached skill level 17 in Long Blades
 17461 | Lair:6   | Found a snail-covered altar of Cheibriados.
 18516 | D:8      | Killed Nattefrost's ghost
 18516 | D:8      | Reached skill level 18 in Long Blades
 18723 | D:13     | Reached skill level 15 in Dodging
 19129 | D:13     | Found Jidurch's Food Emporium.
 19241 | D:13     | Reached XP level 15. HP: 120/139 MP: 21/21
 19418 | Orc:1    | Entered Level 1 of the Orcish Mines
 19762 | Orc:2    | Entered Level 2 of the Orcish Mines
 19762 | Orc:2    | Noticed Josephine
 19777 | Orc:2    | Killed Josephine
 19824 | Orc:2    | Found Ysaat's Book Shoppe.
 19828 | Orc:2    | Found Echeituh's Gadget Shop.
 19893 | Orc:2    | Found a roughly hewn altar of Beogh.
 19924 | Orc:2    | Found Irec's General Store.
 19925 | Orc:2    | Found Meho's Magic Scroll Shoppe.
 19926 | Orc:2    | Reached skill level 15 in Fighting
 20310 | Orc:2    | Found a staircase to the Elven Halls.
 20777 | Orc:2    | Bought a scroll of identify for 30 gold pieces
 20777 | Orc:2    | Bought a scroll of blinking for 112 gold pieces
 20787 | Orc:2    | Bought a scroll of random uselessness for 15 gold pieces
 20787 | Orc:2    | Bought a scroll of summoning for 142 gold pieces
 21097 | D:14     | Found a gate to the Vaults.
 21754 | D:15     | Entered Level 15 of the Dungeon
 21758 | D:15     | Noticed Nessos
 21762 | D:15     | Killed Nessos
 21939 | D:15     | Found Yciweisuo's Assorted Antiques.
 22207 | D:15     | Found a staircase to the Depths.
 23632 | D:15     | Bought a bloodstained ring mail for 279 gold pieces
 23642 | D:15     | Identified the cursed +1 ring mail of Spin the Turtle {Int+2} (You bought it in a shop on level 15 of the Dungeon)
 23642 | D:15     | Bought a steaming scale mail for 279 gold pieces
 23653 | D:15     | Identified the +3 scale mail of the Three Spirits {*Drain rC+ rN+ MR+ Dex+6} (You bought it in a shop on level 15 of the Dungeon)
 23662 | D:15     | Bought a scroll of teleportation for 93 gold pieces
 23681 | Depths:1 | Entered Level 1 of the Depths
 24172 | Depths:1 | Engulfed by a cloud of foul pestilence

Vault maps used:
D:1:      tarquinn_simple_flora_water_e
D:3:      nicolae_overflow_crystal_walls, okawaru_ov_weapons_minmay
D:4:      minivault_1, nemelex_diamond_rough_becter
D:5:      lemuel_coloured_pillars_altar, first_bread
D:6:      lemuel_crystal_altar, hangedman_feature_mirror, grunt_ministairs_4,
          nicolae_ru_awakened_eye, uniq_duvessa, uniq_sigmund
D:7:      eino_small_chamber_without_monster
D:8:      marbit_many_paths, grunt_temple_overflow_open,
          gammafunk_temple_overflow_statue, grunt_lair_entry_orc_guard_hut,
          serial_undead, serial_undead_f, serial_undead_b, serial_undead_d,
          serial_undead_b, dk_vineyard_1
D:10:     david_orc_4, the_bakery, minivault_12
D:11:     serial_shops, bzr_entry_gold, lab_entry_generic
D:12:     lemuel_ice_spiral_2, basic_altar, tso_metal_star
D:13:     serial_shops, nicolae_shop_crystal
D:14:     erik_vaults_2
D:15:     hangedman_depths_entry_civil_slaughter, serial_shops,
          nicolae_shop_trees, corexii_leaking_fountain, uniq_nessos
Temple:   oiseaux_autumnal_temple
Lair:1:   beast_lair_carwin_large_2
Lair:2:   minmay_shoals_entry_beasts, serial_bayou_pond_e, zaba_antful_of_joy,
          serial_bayou_shore_a, grunt_megastairs_1, uniq_gastronok,
          uniq_nergalle
Lair:3:   forest_entry_grove
Lair:4:   spider_nest_entry_webs, nicolae_quartered_pool_little,
          infiniplex_staircase_pool_2, grunt_megastairs_3, lemuel_fruit_tree
Lair:5:   grunt_forest_small_clearings
Lair:6:   gammafunk_lair_ancient_temple, slime_altar_1, minivault_23,
          st_stairs_10, roderic_batcave, kennysheep_snail_temple
Orc:2:    st_orc_town, uniq_josephine
Depths:1: evilmike_hourglass, minmay_stone_trees_small, hell_entry, abyss_entry,
          corexii_corridor_pit, grunt_ministairs_2, minmay_statues_item,
          lemuel_nasty_fountain
Lab:      nicolae_lab_dead_adventurers, labyrinth_glass_1,
          nicolae_lab_very_dead_end, lab_fountain, labyrinth_lava_lair,
          nicolae_lab_x

Skill      XL: |  1  2  3  4  5  6  7  8  9 10 11 12 13 14 15 |
---------------+----------------------------------------------+-----
Long Blades    | 4 5 6 7 8 10 11 12 14 16 18 | 18.0
Fighting       | 3 4 5 7 9 11 13 14 15 | 15.0
Dodging        | 4 5 6 7 9 10 13 15 | 15.5
Invocations    | 5 8 9 10 13 | 13.8
Evocations     | 4 |  4.5
Throwing       | |  2.0

Action                   |  1- 3 |  4- 6 |  7- 9 | 10-12 | 13-15 || total
-------------------------+-------+-------+-------+-------+-------++-------
Melee: Long sword        |    72 |   142 |   278 |   324 |       ||   816
       Headbutt          |    11 |    24 |    94 |   216 |   360 ||   705
       Great sword       |       |       |       |   179 |   969 ||  1148
Invok: Temporal Distorti |       |       |       |     4 |       ||     4
       Slouch            |       |       |       |       |    12 ||    12
Evoke: Wand              |       |       |       |     7 |     3 ||    10
       Rod               |       |       |       |     2 |       ||     2
  Use: Scroll            |       |     7 |     7 |    12 |    12 ||    38
       Potion            |       |       |       |     1 |     2 ||     3
 Stab: Paralysed         |       |       |       |     7 |     1 ||     8
       Distracted        |       |       |       |     1 |       ||     1
  Eat: Chunk             |       |     7 |     6 |    13 |    22 ||    48
       Beef jerky        |       |     1 |       |     1 |       ||     2
Armor: Leather armour    |    18 |     1 |       |       |       ||    19
       Ring mail         |       |    49 |    52 |       |       ||   101
       Scale mail        |       |       |    18 |    21 |     8 ||    47
       Plate armour      |       |       |       |    76 |   181 ||   257
Dodge: Dodged            |    42 |    85 |   174 |   318 |   930 ||  1549
